| TOP OF THE 1ST |
|
San Diego Padres batting - Pitching for Pittsburgh Pirates : RHP Isaac Spikes
|
|
Pitching: RHP Isaac Spikes
|
|
|
Batting: LHB Aaron LeBlanc
|
0-0: Called Strike 0-1: Called Strike 0-2: Ball 1-2: Ball 2-2: Ball 3-2: Fly out, F7 (Flyball, 7D, EV 95.0 MPH)
|
|
Batting: RHB Manny Vergara
|
0-0: Called Strike 0-1: Foul Ball, location: 2F 0-2: Strikes out swinging
|
|
Batting: LHB Mike Holt
|
0-0: Ball 1-0: Ball 2-0: Foul Ball, location: 2F 2-1: Ball 3-1: SOLO HOME RUN (Line Drive, 89XD, EV 111.2 MPH), Distance : 430 ft
|
|
Batting: RHB Dietmar Warmisch
|
0-0: Ball 1-0: Called Strike 1-1: Fly out, F8 (Line Drive, 8RM, EV 91.2 MPH)
|
| Top of the 1st over - 1 run, 1 hit, 0 errors, 0 left on base; San Diego 1 - Pittsburgh 0 |
| BOTTOM OF THE 1ST |
|
Pittsburgh Pirates batting - Pitching for San Diego Padres : RHP Adam Thompson
|
|
Pitching: RHP Adam Thompson
|
|
|
Batting: RHB Andrew Robinson
|
0-0: Called Strike 0-1: Foul Ball, location: 2F 0-2: Strikes out swinging
|
|
Batting: LHB Pat Sutton
|
0-0: Ball 1-0: Ground out 4-3 (Groundball, 4, EV 81.2 MPH)
|
|
Batting: SHB Marvin McAleer
|
0-0: Ball 1-0: Called Strike 1-1: Swinging Strike 1-2: Ball 2-2: Ball 3-2: Foul Ball, location: 2F 3-2: Foul Ball, location: 2F 3-2: Strikes out swinging
|
| Bottom of the 1st over - 0 runs, 0 hits, 0 errors, 0 left on base; San Diego 1 - Pittsburgh 0 |
| TOP OF THE 2ND |
|
San Diego Padres batting - Pitching for Pittsburgh Pirates : RHP Isaac Spikes
|
|
Batting: LHB Ryan Flynn Jr.
|
0-0: Ball 1-0: Ball 2-0: Called Strike 2-1: Swinging Strike 2-2: Foul Ball, location: 2F 2-2: Strikes out swinging
|
|
Batting: RHB Chiel Palstermans
|
0-0: Swinging Strike 0-1: Ball 1-1: Ball 2-1: Foul Ball, location: 2F 2-2: Strikes out looking
|
|
Batting: SHB Rich Chavez
|
0-0: Foul Ball, location: 2F 0-1: Foul Ball, location: 2F 0-2: Ball 1-2: Foul Ball, location: 2F 1-2: Foul Ball, location: 2F 1-2: Ball 2-2: Foul Ball, location: 2F 2-2: Ball 3-2: Fly out, F8 (Flyball, 8RXD, EV 103.1 MPH)
|
| Top of the 2nd over - 0 runs, 0 hits, 0 errors, 0 left on base; San Diego 1 - Pittsburgh 0 |
| BOTTOM OF THE 2ND |
|
Pittsburgh Pirates batting - Pitching for San Diego Padres : RHP Adam Thompson
|
|
Batting: RHB David Contreras
|
0-0: Foul Ball, location: 2F 0-1: Swinging Strike 0-2: Ball 1-2: Ground out 1-3 (Groundball, 13S, EV 73.1 MPH)
|
|
Batting: LHB Marc Carter
|
0-0: Called Strike 0-1: Ball 1-1: SINGLE (Flyball, 4D, EV 89.4 MPH)
|
|
Batting: RHB Mike Bates
|
0-0: Ball 1-0: Called Strike 1-1: Foul Ball, location: 2F 1-2: DOUBLE (Groundball, 5L, EV 103.8 MPH) Marc Carter to third
|
|
Batting: RHB Vincent Poopwell
|
0-0: DOUBLE (Line Drive, 5D, EV 97.5 MPH) Marc Carter scores Mike Bates scores
|
|
Batting: RHB Luis Ramos
|
0-0: Called Strike 0-1: Ball 1-1: Ball 2-1: SINGLE (Line Drive, 89S, EV 103.8 MPH) Vincent Poopwell to third Runner from 3rd tries for Home, SAFE, throw by RF to home
|
|
Batting: RHB Bubba Tierney
|
0-0: Ball 1-0: Ball 2-0: Called Strike 2-1: Called Strike 2-2: Strikes out swinging
|
|
Batting: RHB Andrew Robinson
|
0-0: Called Strike 0-1: Foul Ball, location: 2F 0-2: Fly out, F9 (Flyball, 9LD, EV 102.5 MPH)
|
| Bottom of the 2nd over - 3 runs, 4 hits, 0 errors, 1 left on base; San Diego 1 - Pittsburgh 3 |
| TOP OF THE 3RD |
|
San Diego Padres batting - Pitching for Pittsburgh Pirates : RHP Isaac Spikes
|
|
Batting: RHB Jorge Severiano
|
0-0: Ball 1-0: Called Strike 1-1: Ball 2-1: Foul Ball, location: 2F 2-2: Strikes out swinging
|
|
Batting: SHB Adam Martin
|
0-0: Called Strike 0-1: Swinging Strike 0-2: Strikes out swinging
|
|
Batting: LHB Aaron LeBlanc
|
0-0: DOUBLE (Groundball, 3L, EV 105.0 MPH)
|
|
Batting: RHB Manny Vergara
|
0-0: Called Strike 0-1: Foul Ball, location: 2F 0-2: Ball Passed Ball! Aaron LeBlanc to third 1-2: Strikes out swinging
|
| Top of the 3rd over - 0 runs, 1 hit, 0 errors, 1 left on base; San Diego 1 - Pittsburgh 3 |
| BOTTOM OF THE 3RD |
|
Pittsburgh Pirates batting - Pitching for San Diego Padres : RHP Adam Thompson
|
|
Batting: LHB Pat Sutton
|
0-0: Called Strike 0-1: Foul Ball, location: 2F 0-2: Foul Ball, location: 2F 0-2: Ball 1-2: Ground out U3 (Groundball, 34, EV 108.1 MPH)
|
|
Batting: SHB Marvin McAleer
|
0-0: Called Strike 0-1: Ball 1-1: Ball 2-1: Ball 3-1: Base on Balls
|
|
Batting: RHB David Contreras
|
0-0: Foul Ball, location: 2F 0-1: Called Strike 0-2: Ball 1-2: Foul Ball, location: 2F 1-2: Ball 2-2: Foul Ball, location: 2F 2-2: Ball Marvin McAleer steals 2nd base 3-2: Foul Ball, location: 2F 3-2: SINGLE (Line Drive, 78M, EV 98.8 MPH) Marvin McAleer to third Runner from 3rd tries for Home, SAFE, throw by LF to home
|
|
Batting: LHB Marc Carter
|
0-0: Called Strike David Contreras steals 2nd base (no throw) 0-1: Ball 1-1: Ball 2-1: Called Strike 2-2: Ball 3-2: Fly out, F8 (Flyball, 78D, EV 88.1 MPH) Runner from 2nd tags up, SAFE at 3rd with throw by CF
|
|
Batting: RHB Mike Bates
|
0-0: Swinging Strike 0-1: Ball 1-1: Fly out, F8 (Flyball, 8RD, EV 95.0 MPH)
|
| Bottom of the 3rd over - 1 run, 1 hit, 0 errors, 1 left on base; San Diego 1 - Pittsburgh 4 |
| TOP OF THE 4TH |
|
San Diego Padres batting - Pitching for Pittsburgh Pirates : RHP Isaac Spikes
|
|
Batting: LHB Mike Holt
|
0-0: Ball 1-0: Foul Ball, location: 2F 1-1: Ball 2-1: Ball 3-1: Base on Balls
|
|
Batting: RHB Dietmar Warmisch
|
0-0: Swinging Strike 0-1: Called Strike 0-2: Ball 1-2: Foul Ball, location: 2F 1-2: Foul Ball, location: 2F 1-2: Ball 2-2: Strikes out looking
|
|
Batting: LHB Ryan Flynn Jr.
|
0-0: Fielders Choice at 2nd, 1-6 (Groundball, 13, EV 67.5 MPH)
|
|
Batting: RHB Chiel Palstermans
|
0-0: Ball Ryan Flynn Jr. steals 2nd base (no throw) 1-0: Swinging Strike 1-1: Ground out 5-3 (Groundball, 56, EV 81.2 MPH)
|
| Top of the 4th over - 0 runs, 0 hits, 0 errors, 1 left on base; San Diego 1 - Pittsburgh 4 |
| BOTTOM OF THE 4TH |
|
Pittsburgh Pirates batting - Pitching for San Diego Padres : RHP Adam Thompson
|
|
Batting: RHB Vincent Poopwell
|
0-0: Foul Ball, location: 2F 0-1: Ball 1-1: Ball 2-1: Foul Ball, location: 2F 2-2: Strikes out swinging
|
|
Batting: RHB Luis Ramos
|
0-0: Called Strike 0-1: Foul Ball, location: 2F 0-2: Foul Ball, location: 2F 0-2: Fly out, F7 (Line Drive, 7S, EV 91.9 MPH)
|
|
Batting: RHB Bubba Tierney
|
0-0: Ball 1-0: Called Strike 1-1: Foul Ball, location: 2F 1-2: SOLO HOME RUN (Flyball, 9D, EV 95.6 MPH), Distance : 385 ft
|
|
Batting: RHB Andrew Robinson
|
0-0: Called Strike 0-1: Ball 1-1: SINGLE (Groundball, 23, EV 63.1 MPH) (infield hit)
|
|
Pitching: RHP Arturo Diaz
|
|
|
Batting: LHB Pat Sutton
|
0-0: Called Strike 0-1: Fielders Choice at 2nd, U6 (Groundball, 4M, EV 106.2 MPH)
|
| Bottom of the 4th over - 1 run, 2 hits, 0 errors, 1 left on base; San Diego 1 - Pittsburgh 5 |
| TOP OF THE 5TH |
|
San Diego Padres batting - Pitching for Pittsburgh Pirates : RHP Isaac Spikes
|
|
Batting: SHB Rich Chavez
|
0-0: Called Strike 0-1: Swinging Strike 0-2: Ball 1-2: Foul Ball, location: 2F 1-2: Strikes out swinging
|
|
Batting: RHB Jorge Severiano
|
0-0: Called Strike 0-1: DOUBLE (Flyball, 89XD, EV 100.6 MPH)
|
|
Batting: SHB Adam Martin
|
0-0: Ball 1-0: Ball 2-0: Foul Ball, location: 2F 2-1: Ball 3-1: Foul Ball, location: 2F 3-2: Strikes out swinging
|
|
Batting: LHB Aaron LeBlanc
|
0-0: Ball 1-0: Reached on error, E2 (Groundball, 2L, EV 68.1 MPH) Jorge Severiano scores
|
|
Batting: RHB Manny Vergara
|
0-0: Ball 1-0: Called Strike 1-1: Ground out 4-3 (Groundball, 34, EV 82.5 MPH)
|
| Top of the 5th over - 1 run, 1 hit, 1 error, 1 left on base; San Diego 2 - Pittsburgh 5 |
| BOTTOM OF THE 5TH |
|
Pittsburgh Pirates batting - Pitching for San Diego Padres : RHP Arturo Diaz
|
|
Batting: SHB Marvin McAleer
|
0-0: Called Strike 0-1: Ball 1-1: Foul Ball, location: 2F 1-2: Strikes out looking
|
|
Batting: RHB David Contreras
|
0-0: Ball 1-0: Ball 2-0: Called Strike 2-1: Swinging Strike 2-2: Ball 3-2: Strikes out swinging
|
|
Batting: LHB Marc Carter
|
0-0: Swinging Strike 0-1: Foul Ball, location: 2F 0-2: Foul Ball, location: 2F 0-2: Strikes out swinging
|
| Bottom of the 5th over - 0 runs, 0 hits, 0 errors, 0 left on base; San Diego 2 - Pittsburgh 5 |
| TOP OF THE 6TH |
|
San Diego Padres batting - Pitching for Pittsburgh Pirates : RHP Isaac Spikes
|
|
Batting: LHB Mike Holt
|
0-0: Ball 1-0: Hit by Pitch
|
|
Batting: RHB Dietmar Warmisch
|
0-0: Foul Ball, location: 2F 0-1: Fly out, F8 (Flyball, 8RD, EV 88.8 MPH)
|
|
Batting: LHB Ryan Flynn Jr.
|
0-0: Called Strike 0-1: Ball 1-1: Called Strike 1-2: SINGLE (Groundball, 4MD, EV 106.2 MPH) Mike Holt to second Runner from 2nd tries for 3rd, SAFE, throw by CF made to third Ryan Flynn Jr. to second
|
|
Batting: RHB Chiel Palstermans
|
0-0: Foul Ball, location: 2F 0-1: Fly out, F8 (Flyball, 8LXD, EV 104.4 MPH) Runner from 3rd tags up, SCORES, no throw by CF Ryan Flynn Jr. to third
|
|
Batting: SHB Rich Chavez
|
0-0: Ball 1-0: Ball 2-0: Foul Ball, location: 2F 2-1: Ball 3-1: Called Strike 3-2: Base on Balls
|
|
Pitching: RHP J.J. Sykes
|
|
|
Batting: RHB Jorge Severiano
|
0-0: Swinging Strike 0-1: Foul Ball, location: 2F 0-2: SINGLE (Line Drive, 34D, EV 96.9 MPH) Ryan Flynn Jr. scores Rich Chavez to second Runner from 2nd tries for 3rd, SAFE, no throw by RF
|
|
Batting: SHB Adam Martin
|
0-0: Ball 1-0: Ground out U3 (Groundball, 3, EV 102.5 MPH)
|
| Top of the 6th over - 2 runs, 2 hits, 0 errors, 2 left on base; San Diego 4 - Pittsburgh 5 |
| BOTTOM OF THE 6TH |
|
Pittsburgh Pirates batting - Pitching for San Diego Padres : RHP Arturo Diaz
|
|
Batting: RHB Mike Bates
|
0-0: Swinging Strike 0-1: Called Strike 0-2: Ball 1-2: Strikes out looking
|
|
Batting: RHB Vincent Poopwell
|
0-0: Ball 1-0: Ball 2-0: Ground out 6-3 (Groundball, 56, EV 105.0 MPH)
|
|
Batting: RHB Luis Ramos
|
0-0: Ground out 4-3 (Groundball, 4, EV 95.0 MPH)
|
| Bottom of the 6th over - 0 runs, 0 hits, 0 errors, 0 left on base; San Diego 4 - Pittsburgh 5 |
| TOP OF THE 7TH |
|
San Diego Padres batting - Pitching for Pittsburgh Pirates : RHP J.J. Sykes
|
|
Batting: LHB Aaron LeBlanc
|
0-0: Called Strike 0-1: Swinging Strike 0-2: Foul Ball, location: 2F 0-2: Ball 1-2: Foul Ball, location: 2F 1-2: Strikes out swinging
|
|
Batting: RHB Manny Vergara
|
0-0: Ball 1-0: Foul Ball, location: 2F 1-1: Fly out, F3 (Popup, 23F, EV 93.1 MPH)
|
|
Batting: LHB Mike Holt
|
0-0: Called Strike 0-1: SINGLE (Groundball, 56, EV 93.8 MPH)
|
|
Batting: RHB Dietmar Warmisch
|
0-0: Ball 1-0: Foul Ball, location: 2F 1-1: Ball 2-1: Swinging Strike 2-2: Ball 3-2: Foul Ball, location: 2F 3-2: Foul Ball, location: 2F 3-2: Strikes out swinging
|
| Top of the 7th over - 0 runs, 1 hit, 0 errors, 1 left on base; San Diego 4 - Pittsburgh 5 |
| BOTTOM OF THE 7TH |
|
Pittsburgh Pirates batting - Pitching for San Diego Padres : RHP Arturo Diaz
|
|
Batting: RHB Bubba Tierney
|
0-0: Ball 1-0: Foul Ball, location: 2F 1-1: Foul Ball, location: 2F 1-2: Strikes out looking
|
|
Batting: RHB Andrew Robinson
|
0-0: Ball 1-0: Called Strike 1-1: Ball 2-1: Foul Ball, location: 2F 2-2: Strikes out swinging
|
|
Batting: LHB Pat Sutton
|
0-0: Ball 1-0: Called Strike 1-1: Ground out 1-3 (Groundball, 34S, EV 73.1 MPH)
|
| Bottom of the 7th over - 0 runs, 0 hits, 0 errors, 0 left on base; San Diego 4 - Pittsburgh 5 |
| TOP OF THE 8TH |
|
San Diego Padres batting - Pitching for Pittsburgh Pirates : RHP J.J. Sykes
|
|
Pitching: RHP Antonio Alvarez
|
|
|
Now at C: Eisse Bravenboer
|
|
|
Batting: LHB Ryan Flynn Jr.
|
0-0: Swinging Strike 0-1: Foul Ball, location: 2F 0-2: Ball 1-2: Strikes out swinging
|
|
Batting: RHB Chiel Palstermans
|
0-0: Fly out, F9 (Flyball, 89XD, EV 99.4 MPH)
|
|
Batting: SHB Rich Chavez
|
0-0: Called Strike 0-1: Foul Ball, location: 2F 0-2: Strikes out looking
|
| Top of the 8th over - 0 runs, 0 hits, 0 errors, 0 left on base; San Diego 4 - Pittsburgh 5 |
| BOTTOM OF THE 8TH |
|
Pittsburgh Pirates batting - Pitching for San Diego Padres : RHP Arturo Diaz
|
|
Pitching: RHP Angelo Radford
|
|
|
Batting: SHB Marvin McAleer
|
0-0: Called Strike 0-1: Foul Ball, location: 2F 0-2: Strikes out looking
|
|
Batting: RHB David Contreras
|
0-0: Ball 1-0: Swinging Strike 1-1: Swinging Strike 1-2: Ball 2-2: Strikes out swinging
|
|
Batting: LHB Marc Carter
|
0-0: Called Strike 0-1: Ball 1-1: Ball 2-1: Foul Ball, location: 2F 2-2: Ball 3-2: SOLO HOME RUN (Flyball, 9LD, EV 100.0 MPH), Distance : 379 ft
|
|
Batting: RHB Mike Bates
|
0-0: Foul Ball, location: 2F 0-1: Ball 1-1: Swinging Strike 1-2: Ball 2-2: Foul Ball, location: 2F 2-2: Ball 3-2: Foul Ball, location: 2F 3-2: Strikes out swinging
|
| Bottom of the 8th over - 1 run, 1 hit, 0 errors, 0 left on base; San Diego 4 - Pittsburgh 6 |
| TOP OF THE 9TH |
|
San Diego Padres batting - Pitching for Pittsburgh Pirates : RHP Antonio Alvarez
|
|
Pitching: RHP Jeremy Kennie
|
|
|
Now in RF: Raul Mendoza
|
|
|
Batting: RHB Jorge Severiano
|
0-0: Ball 1-0: Foul Ball, location: 2F 1-1: Ball 2-1: Ground out 5-3 (Groundball, 56, EV 79.4 MPH)
|
|
Batting: SHB Adam Martin
|
0-0: Fly out, F8 (Flyball, 89M, EV 89.4 MPH)
|
|
Batting: LHB Aaron LeBlanc
|
0-0: Ball 1-0: Called Strike 1-1: Ball 2-1: Called Strike 2-2: Fly out, F6 (Popup, 56D, EV 68.1 MPH)
|
| Top of the 9th over - 0 runs, 0 hits, 0 errors, 0 left on base; San Diego 4 - Pittsburgh 6 |
|